 Dungeon Crawl Stone Soup version 0.25-a0-589-g1e14c549ee (webtiles) character file.

Game seed: 4542084335257553680, levelgen mode: deterministic

359 Esekla the Ducker (level 6, -4/29 HPs)
             Began as a Spriggan Artificer on Mar 10, 2020.
             Slain by an ogre
             ... wielding a +0 giant spiked club
              (33 damage)
             ... on level 4 of the Dungeon.
             The game lasted 00:29:28 (7666 turns).

Esekla the Ducker (Spriggan Artificer)              Turns: 7666, Time: 00:29:29

Health: -4/29      AC:  3    Str:  8    XL:     6   Next: 37%
Magic:  10/10      EV: 22    Int: 14    God:
Gold:   130        SH:  0    Dex: 17    Spells: 5/5 levels left

rFire    . . .     SeeInvis +   a - +0 short sword
rCold    . . .     Gourm    .   (shield restricted)
rNeg     . . .     Faith    .   b - +0 robe
rPois    +         Spirit   .   (helmet restricted)
rElec    .         Reflect  .   A - +0 cloak
rCorr    .         Harm     .   (gloves unavailable)
MR       +....                  (boots unavailable)
Stlth    ++........             m - amulet of the acrobat
HPRegen  0.09/turn              p - ring of poison resistance
MPRegen  0.12/turn              (no ring)

@: very quick
A: very small, unfitting armour, see invisible, herbivore, speed 3, slow
metabolism 2
a: no special abilities


You were on level 4 of the Dungeon.
You were not hungry.

You visited 1 branch of the dungeon, and saw 4 of its levels.

You collected 214 gold pieces.
You spent 84 gold pieces at shops.

Inventory:

Hand Weapons
 a - a +0 short sword (weapon)
Armour
 b - a +0 robe (worn)
 A - a +0 cloak (worn)
Jewellery
 m - an amulet of the acrobat (around neck)
 p - a ring of poison resistance (left hand)
 w - an uncursed ring of ice
Wands
 c - a wand of flame (27)
 d - a wand of enslavement (15)
 e - a wand of random effects (12)
 t - a wand of acid (9)
Scrolls
 h - 2 scrolls of remove curse
 i - a scroll of magic mapping {unknown}
 k - 4 scrolls of teleportation
 n - a scroll of immolation {unknown}
 s - 3 scrolls of amnesia {unknown}
 u - a scroll of blinking {unknown}
Potions
 g - a potion of lignification {unknown}
 j - a potion of ambrosia
 o - a potion of flight {unknown}
 q - 2 potions of invisibility
 r - a potion of stabbing
 x - 2 potions of curing
 z - 3 potions of heal wounds
 B - a potion of haste {unknown}
 D - a potion of magic {unknown}
Comestibles
 f - 2 rations


   Skills:
 - Level 0.7 Fighting
 * Level 5.2 Short Blades
 * Level 6.6 Dodging
 + Level 3.0 Stealth
 - Level 4.0 Evocations


You had 5 spell levels left.
You didn't know any spells.
Your spell library was empty.

Dungeon Overview and Level Annotations

Branches:
Dungeon (4/15)
 Temple: D:4-7

Altars:

Shops:
D:4 ?

Annotations:
D:4 2 transporters, shugdite's ghost, novice MiMo


Innate Abilities, Weirdness & Mutations

You are very small and have problems with some larger weapons.
You are too small for most types of armour.
You have supernaturally acute eyesight. (SInv)
You are a herbivore.
You cover ground extremely quickly.
You need to consume almost no food.


Message History

The ogre misses you.
There is a stone staircase leading up here.
You hit the ogre.
The ogre is lightly wounded.
You hit the ogre.
The ogre is moderately wounded.
You hit the ogre.
The ogre is heavily wounded.
The ogre closely misses you.
You hit the ogre.
The ogre is heavily wounded.
The ogre completely misses you.
You hit the ogre.
The ogre is severely wounded.
The ogre completely misses you.
You barely miss the ogre.
The ogre is severely wounded.
The ogre hits you with a +0 giant spiked club!!
Ouch! That really hurt!
You die...

. . ### # #+# . #.####
####..####' #####....##
......##...##...#.....#
...........>(........##
....^................#
..................>.>+
.........W......@<)..#
#.########.##..O##...#
#.########.##...##...##
......................#
....W......(..........#
........##......##...##
######..##......##>...#
#...###'##....).......#
....##..##...........##


You could see a phantom and an ogre.

Vanquished Creatures
  An ogre (D:2)
  A bullfrog skeleton (D:4)
  An orc wizard (D:3)
  A worker ant (D:2)
  3 gnolls
  3 adders (D:3)
  2 oozes
  2 adder skeletons (D:4)
  2 worms
  2 dart slugs
  7 leopard geckos
  13 orcs
  3 giant cockroaches (D:2)
  5 goblins
  6 hobgoblins
  13 jackals
  2 ball pythons
  12 bats
  4 frilled lizards
  3 kobolds
  8 rats
94 creatures vanquished.

Vanquished Creatures (others)
  A dart slug (D:1)
  A leopard gecko (D:1)
2 creatures vanquished.

Grand Total: 96 creatures vanquished

Notes
Turn   | Place    | Note
-------+----------+-------------------------------------------
     0 | D:1      | Esekla the Spriggan Artificer began the quest for the Orb.
     0 | D:1      | Reached XP level 1. HP: 9/9 MP: 4/4
   567 | D:2      | Reached XP level 2. HP: 11/14 MP: 6/6
  1389 | D:1      | Reached skill level 4 in Dodging
  1913 | D:1      | Reached XP level 3. HP: 16/17 MP: 7/7
  2474 | D:2      | Noticed an ogre
  2522 | D:2      | Killed an ogre
  2522 | D:2      | Reached skill level 5 in Dodging
  2522 | D:2      | Reached XP level 4. HP: 21/21 MP: 8/8
  2908 | D:4      | Noticed a phantom
  2955 | D:2      | Reached XP level 5. HP: 20/25 MP: 9/9
  3657 | D:3      | Reached skill level 6 in Dodging
  3830 | D:2      | HP: 1/25 [worm (5)]
  4456 | D:4      | Found a transporter.
  4456 | D:4      | Noticed an ogre
  4473 | D:4      | Found Mago's Magic Scroll Shoppe.
  4588 | D:4      | Bought a scroll of identify for 24 gold pieces
  4588 | D:4      | Bought a scroll of identify for 24 gold pieces
  4588 | D:4      | Bought a scroll of teleportation for 36 gold pieces
  4647 | D:4      | Noticed an ogre
  4821 | D:3      | Reached XP level 6. HP: 12/29 MP: 10/10
  6020 | D:4      | Noticed shugdite's ghost (novice MiMo)
  6029 | D:4      | Reached skill level 5 in Short Blades
  6030 | D:4      | Found a transporter.
  7666 | D:4      | Slain by an ogre

Levels and vault maps discovered:
D:1:      dpeg_arrival_three_bigger_balls, layout_loops_corners,
          lemuel_flame_loot_1
D:2:      layout_loops_ring, first_ration, nrook_uturn,
          hangedman_abyss_or_decor_stabs, minmay_misc_feat_doors, nrook_campfire
D:3:      layout_loops_corners, kennysheep_generic_room_2
D:4:      layout_gridville, serial_shops, shop, gammafunk_ghost_smash

Skill      XL: |  1  2  3  4  5  6 |
---------------+-------------------+-----
Short Blades   | 2 3 4 5 |  5.2
Dodging        | 4 5 6 |  6.6
Stealth        | 2 3 |  3.0
Fighting       | |  0.7
Evocations     | |  4.0

Action                   |  1- 3 |  4- 6 || total
-------------------------+-------+-------++-------
Melee: Short sword       |   154 |   459 ||   613
Evoke: Wand              |     5 |     1 ||     6
  Use: Scroll            |       |     6 ||     6
 Stab: Sleeping          |     4 |     4 ||     8
  Eat: Ration            |       |     3 ||     3
Armor: Robe              |    17 |    24 ||    41
Dodge: Dodged            |   156 |   349 ||   505

Table legend:
 A = Non-vault XP
 B = Vault XP
 C = Vault XP percentage of total XP
 D = Non-vault monster count
 E = Vault monster count
 F = Vault count percentage of total count
                 A         B        C        D         E       F
            +---------+---------+-------+---------+---------+-------
      Total |     507 |       6 |   1.2 |      90 |       4 |   4.3
            +---------+---------+-------+---------+---------+-------
        D:1 |      34 |       0 |   0.0 |      17 |       0 |   0.0
        D:2 |     225 |       0 |   0.0 |      27 |       0 |   0.0
        D:3 |     181 |       6 |   3.2 |      37 |       4 |   9.8
        D:4 |      67 |       0 |   0.0 |       9 |       0 |   0.0
            +---------+---------+-------+---------+---------+-------
